 Dungeon Crawl Stone Soup version 0.29-a0-11-ga75d3d97ab (webtiles) character file.

Game seed: 16145492325670375201

2 Zonian the Magician (level 1, 0/15 HPs)
             Began as a Djinni Ice Elementalist on Jan 29, 2022.
             Slain by a ball python (2 damage)
             ... on level 1 of the Dungeon.
             The game lasted 00:00:39 (236 turns).

Zonian the Magician (Djinni Ice Elementalist)        Turns: 236, Time: 00:00:39

Health: 0/15       AC:  2    Str:  7    XL:     1   Next: 44%
Gold:   0          EV: 12    Int: 16    God:
                   SH:  0    Dex: 13

rFire   + + .      SeeInvis .   b - +0 dagger
rCold   x . .      Faith    .   (no shield)
rNeg    . . .      Spirit   .   a - +0 robe
rPois   ∞          Reflect  .   (no helmet)
rElec   .          Harm     .   (no cloak)
rCorr   .          Rampage  .   (no gloves)
Will    .....                   (boots unavailable)
Stlth   ++........              (no amulet)
HPRegen 0.05/turn               (no ring)
MPRegen 0.00/turn               (no ring)

@: flying
A: sickness immunity, fire resistance 2, cold vulnerability 1, float, innate
caster, hp casting, extra vitality 1
a: no special abilities


You were on level 1 of the Dungeon.
You visited 1 branch of the dungeon, and saw 1 of its levels.

Inventory:

Hand Weapons
 b - a +0 dagger (weapon)
Armour
 a - a +0 robe (worn)


   Skills:
 + Level 2.3 Dodging
 + Level 1.6 Stealth
 + Level 3.3 Spellcasting


You couldn't memorise any spells.
You knew the following spells:

 Your Spells              Type           Power      Damage    Failure   Level
a - Freeze                Ice            52%        1d7       4%          1
b - Frozen Ramparts       Ice            26%        1d4       14%         3
c - Ozocubu's Armour      Ice            13%        N/A       14%         3
d - Hailstorm             Conj/Ice       13%        3d5       43%         4
Your spell library was empty.

Dungeon Overview and Level Annotations

Branches:
Dungeon (1/15)

Altars:

Shops:
D:1 !


Innate Abilities, Weirdness & Mutations

You are immune to sickness and miasma.
You are immune to poison.
Your flesh is very heat resistant. (rF++)
You are vulnerable to cold. (rC-)
You float through the air rather than walking.
You learn spells naturally, not from books.
Your magical power is your life essence.
You have superior vitality. (+4 MHP)


Message History

You see here a bat corpse.
You see here a +0 mace.
Found a stone staircase leading down.
Unknown command.
A gnoll comes into view. It is wielding a +0 whip.
A gnoll is nearby!
Unknown command.
There is a stone staircase leading down here.
Found Ufocuas's Distillery.
The gnoll shouts!
You hear an angry hiss.
A ball python comes into view.
You closely miss the gnoll. The gnoll closely misses you.
You barely miss the gnoll. The gnoll barely misses you.
Unknown command.
You freeze the gnoll.
The gnoll is lightly wounded.
The gnoll barely misses you.
Unknown command.
You freeze the gnoll.
The gnoll is heavily wounded.
The gnoll hits you with a +0 whip.
Unknown command.
You freeze the gnoll.
The gnoll is heavily wounded.
The gnoll hits you with a +0 whip!
* * * LOW HITPOINT WARNING * * *
Unknown command.
You are too injured to fight recklessly!
You aren't carrying any potions.
Unknown command.
Casting: Freeze (safe; 4% risk of failure)
Confirm with . or Enter, or press ? or * to list all spells.
You don't have enough health to cast this spell.
Unknown command.
Found 8 gold pieces.
The gnoll misses you.
There is an entrance to Ufocuas's Distillery here.
Found an escape hatch in the floor.
The ball python bites you.
You die...

### ########..
###........#
###..........#
.............#
#>#########..........#
#....@S.g............#
#.########.∩..........
##.........##
#.........#
#.........#
#.........#
##..#.##.###
#......>...
#.#...#.###


You could see a gnoll and a ball python.

Vanquished Creatures
  A bat (D:1)
  A kobold (D:1)
2 creatures vanquished.

Notes
Turn   | Place    | Note
-------+----------+-------------------------------------------
     0 | D:1      | Zonian the Djinni Ice Elementalist began the quest for the
                  | Orb.
     0 | D:1      | Reached XP level 1. HP: 15/15 MP: 0/0
   201 | D:1      | Found Ufocuas's Distillery.
   236 | D:1      | Slain by a ball python

Illustrated notes

Levels and vault maps discovered:
D:1:      minmay_arrival_shattered_statue, layout_loops_ring, serial_shops,
          shop, minivault_26

Action                   || total
-------------------------++-------
Melee: Unarmed           ||     8
       Dagger            ||     2
 Cast: Freeze            ||     5
Armor: Robe              ||     5
Dodge: Dodged            ||    11

Table legend: (Time is in decaauts)
 A = Elapsed time spent in this place.
 B = Non-inter-level travel time spent in this place.
 C = Inter-level travel time spent in this place.
 D = Time resting spent in this place.
 E = Time spent auto-exploring this place.
 F = Levels seen in this place.
 G = Mean time per level.
                   A        B        C        D        E       F      G
               +--------+--------+--------+--------+--------+-----+--------+
         Total |    235 |    235 |      0 |      0 |    181 |   1 |  235.0 |
       Dungeon |    235 |    235 |      0 |      0 |    181 |   1 |  235.0 |
               +--------+--------+--------+--------+--------+-----+--------+

Top non-repeatable levels by time:
     D:1: 235 daAuts
